 Dungeon Crawl Stone Soup version 0.31.0-11-ge490571c62 (webtiles) character file.

Game seed: 2698108869321871371

37 qw the Shooter (level 3, 0/18 HPs)
             Began as a Spriggan Hunter on Feb 3, 2024.
             Succumbed to their own poison gas
             ... on level 2 of the Dungeon.
             The game lasted 00:00:04 (1411 turns).

qw the Shooter (Spriggan Hunter)                    Turns: 1411, Time: 00:00:04

Health: 0/18       AC:  2    Str:  7    XL:     3   Next: 21%
Magic:  4/4        EV: 19    Int: 10    God:
Gold:   127        SH:  0    Dex: 20    Spells: 2/2 levels left

rFire   . . .        a - +0 shortbow
rCold   . . .        (shield currently unavailable)
rNeg    . . .        c - +0 robe
rPois   .            (helmet restricted)
rElec   .            (no cloak)
rCorr   .            (gloves unavailable)
SInv    +            (boots unavailable)
Will    .....        (no amulet)
Stlth   ++           (no ring)
HPRegen 0.23/turn    (no ring)
MPRegen 0.09/turn

%: no passive effects
@: mighty, lethally poisoned (0 -> -4), hasted, very quick
A: very small, no large weapons, unfitting armour, see invisible, speed 3
a: no special abilities


You were on level 2 of the Dungeon.
You visited 1 branch of the dungeon, and saw 2 of its levels.

You collected 127 gold pieces.


Innate Abilities, Weirdness & Mutations

You are very small and have problems with some larger weapons.
You are too small for most types of armour.
You have supernaturally acute eyesight. (SInv)
You cover ground extremely quickly. (Speed+++)


   Skills:
 - Level 1.5 Fighting
 + Level 4.5 Ranged Weapons
 - Level 4.0 Dodging
 - Level 1.5 Stealth


You had 2 spell levels left.
You didn't know any spells.
Your spell library was empty.

Inventory:

Hand Weapons
 a - a +0 shortbow (weapon)
Armour
 c - a +0 robe (worn)
Potions
 e - a potion of might
 i - a potion of haste

Dungeon Overview and Level Annotations

Branches:
Dungeon (2/15)

Altars:


Message History

It was a potion of might.
You feel very mighty all of a sudden.
Done exploring.
1399 ||| DRINKING 2 smoky yellow potions.
It was a potion of haste.
You feel yourself speed up.
Done exploring.
1400 ||| DROPPING potion of magic.
You drop a potion of magic.
Done exploring.
What level of the Dungeon? (default 2, ? - help) Sorry, I don't know how to get there.
Enter note:
Enter note:
Enter note:
Enter note:
Enter note:
Enter note: You are engulfed in poison gas.
You are lethally poisoned!
You feel sick.
1402 ||| Stepping ~*~*~tactically~*~*~ (cloud).
You feel sick.
You see here a potion of magic.
There is a lethal amount of poison in your body!
You feel sick.
There is a lethal amount of poison in your body!
You feel very sick.
There is a lethal amount of poison in your body!
You feel sick.
There is a lethal amount of poison in your body!
You feel sick.
There is a lethal amount of poison in your body!
You feel sick.
There is a lethal amount of poison in your body!
You feel sick.
There is a lethal amount of poison in your body!
You feel sick.
There is a lethal amount of poison in your body!
You feel sick.
There is a lethal amount of poison in your body!
You die...

#..............%.
##############.##########
#..###########.#
#..###########.#
#..###########.#
#..###########.#
#########..###########.#
..........0###########0#
##########00¤000@0¤¤¤00#
###############
###############
###############
###############
###############
###############
###############


There were no monsters in sight!

Vanquished Creatures
  An adder (D:2)
  2 endoplasms (D:1)
  2 giant cockroaches
  2 hobgoblins (D:1)
  2 jackals (D:1)
  3 kobolds
  2 ball pythons
  6 bats
  2 frilled lizards (D:2)
  2 goblins (D:1)
  5 rats (D:1)
29 creatures vanquished.

Notes
Turn   | Place    | Note
-------+----------+-------------------------------------------
     0 | D:1      | qw the Spriggan Hunter began the quest for the Orb.
     0 | D:1      | Reached XP level 1. HP: 10/10 MP: 2/2
     0 | D:1      | 0 ||| qw: Version: 0.3-a-158-g18b3111
     0 | D:1      | 0 ||| qw: Game counter: 4292
     0 | D:1      | 0 ||| qw: Melee chars always use a shield: true
     0 | D:1      | 0 ||| qw: God list: Okawaru
     0 | D:1      | 0 ||| qw: Allow faded altars: false
     0 | D:1      | 0 ||| qw: Do Orc after clearing Dungeon:15 true
     0 | D:1      | 0 ||| qw: Do second Lair branch before Depths: true
     0 | D:1      | 0 ||| qw: Lair rune preference: random
     0 | D:1      | 0 ||| qw: Goals: Normal
     0 | D:1      | 0 ||| PLANNING D:1-11
   123 | D:1      | Reached skill level 3 in Dodging
   237 | D:1      | Reached XP level 2. HP: 14/14 MP: 3/3
   541 | D:1      | Found a faded altar of an unknown god.
   727 | D:1      | 727 ||| READING scroll labelled ORHETI MYSA.
   731 | D:1      | 731 ||| READING scroll labelled KUUTYC SAETAOC.
   731 | D:1      | 731 ||| IDENTIFYING fuming golden potion
   732 | D:1      | 732 ||| DRINKING 2 purple potions.
   733 | D:1      | 733 ||| DROPPING scroll of butterflies.
   734 | D:1      | 734 ||| DROPPING potion of brilliance.
   735 | D:1      | 735 ||| DROPPING potion of attraction.
   884 | D:2      | Reached XP level 3. HP: 11/18 MP: 4/4
  1393 | D:2      | 1393 ||| READING scroll of identify.
  1393 | D:2      | 1393 ||| IDENTIFYING bubbling black potion
  1394 | D:2      | 1394 ||| READING scroll labelled GOMEAGG NITE.
  1395 | D:2      | 1395 ||| READING scroll labelled SAHOEGALAYQE.
  1395 | D:2      | 1395 ||| ENCHANTING +0 shortbow.
  1396 | D:2      | 1396 ||| READING scroll labelled TOIZEM VOGOT.
  1397 | D:2      | 1397 ||| READING scroll labelled HOOWAO EW NEGU.
  1398 | D:2      | 1398 ||| DRINKING 2 fizzy white potions.
  1399 | D:2      | 1399 ||| DRINKING 2 smoky yellow potions.
  1400 | D:2      | 1400 ||| DROPPING potion of magic.
  1402 | D:2      | 1402 ||| Stepping ~*~*~tactically~*~*~ (cloud).
  1407 | D:2      | HP: 3/18 [poisoned by you (poison gas)]
  1410 | D:2      | HP: 1/18 [poisoned by you (poison gas)]
  1411 | D:2      | Succumbed to their own poison gas

Levels and vault maps discovered:
D:1:      mrwooster_arrival_statue_2, layout_loops_ring,
          chequers_ecumenical_altar_twisty, st_stairs_14, minmay_split_cup_large
D:2:      layout_loops_ring

Skill      XL: |  1  2 |
---------------+-------+-----
Dodging        | 3 4 |  4.0
Fighting       | |  1.5
Ranged Weapons | |  4.5
Stealth        | |  1.5

Action                     || total
---------------------------++-------
   Fire: Shortbow          ||    69
    Use: Scroll            ||     7
         Potion            ||     3
 Armour: Robe              ||     7
  Dodge: Dodged            ||    35

Table legend:
 A = Non-vault XP
 B = Vault XP
 C = Vault XP percentage of total XP
 D = Non-vault monster count
 E = Vault monster count
 F = Vault count percentage of total count
                 A         B        C        D         E       F
            +---------+---------+-------+---------+---------+-------
      Total |      46 |       7 |  13.2 |      24 |       5 |  17.2
            +---------+---------+-------+---------+---------+-------
        D:1 |      23 |       7 |  23.3 |      16 |       5 |  23.8
        D:2 |      23 |       0 |   0.0 |       8 |       0 |   0.0
            +---------+---------+-------+---------+---------+-------
